 Dungeon Crawl Stone Soup version 0.21.1-1-g345015f (webtiles) character file.

119 inc the Conjurer (level 4, -7/18 HPs)
             Began as a Felid Venom Mage on Mar 5, 2018.
             Was an Initiate of Sif Muna.
             Mangled by a river rat (9 damage)
             ... in a sewer.
             The game lasted 00:08:19 (3514 turns).

inc the Conjurer (Felid Venom Mage)                 Turns: 3514, Time: 00:08:20

Health: -7/18      AC:  1    Str:  4    XL:     4   Next: 74%
Magic:  1/10       EV: 18    Int: 18    God:    Sif Muna [......]
Gold:   95         SH:  0    Dex: 16    Spells: 9/10 levels left
                                        Lives:  0   Deaths: 1

rFire    . . .     SeeInvis +   (weapon unavailable)
rCold    . . .     Gourm    .   (shield unavailable)
rNeg     . . .     Faith    .   (armour unavailable)
rPois    .         Spirit   .   (helmet unavailable)
rElec    .         Reflect  .   (cloak unavailable)
rCorr    .         Harm     .   (gloves unavailable)
MR       .....                  (boots unavailable)
Stlth    +++.......             (no amulet)
HPRegen  0.06/turn              (no ring)
MPRegen  0.12/turn              (no ring)

@: very slightly contaminated, quick
A: very small, no armour, no weapons or thrown items, stealth, claws 1, fangs 3,
see invisible, carnivore, speed 1, shaggy fur 1, slow metabolism 1, sharp paws
a: Renounce Religion


You were in a sewer.
You worshipped Sif Muna.
Sif Muna was noncommittal.
You were not hungry.

You visited 1 branch of the dungeon, and saw 3 of its levels.
You also visited: Sewer.

You collected 95 gold pieces.

Inventory:

Jewellery
 f - an uncursed ring of ice
Wands
 h - a wand of random effects (26)
Scrolls
 c - a scroll of remove curse
 i - 2 scrolls of fear {unknown}
 j - 3 scrolls of teleportation
 k - a scroll of fog {unknown}
Potions
 d - a potion of heal wounds
 e - a potion of might
 g - a potion of degeneration
Books
 a - a Young Poisoner's Handbook

   Spells                             Type                      Level
   a - Sting                          Conjuration/Poison           1
   b - Poisonous Vapours              Poison/Air                   2
   c - Mephitic Cloud                 Conjuration/Poison/Air       3
   d - Olgreb's Toxic Radiance        Poison                       4
   e - Venom Bolt                     Conjuration/Poison           5
Comestibles
 b - 4 rations


   Skills:
 - Level 2.6 Dodging
 - Level 2.6 Stealth
 + Level 3.7 Spellcasting
 - Level 4.0 Conjurations
 - Level 2.6 Poison Magic


You had 9 spell levels left.
You knew the following spells:

 Your Spells              Type           Power        Failure   Level  Hunger
a - Sting                 Conj/Pois      ###.         3%          1    None


Dungeon Overview and Level Annotations

Branches:
Dungeon (3/15)

Altars:
Qazlal
Sif Muna

Annotations:
D:3 1 runed door, Quirk's ghost, amateur TrFi


Innate Abilities, Weirdness & Mutations

You cannot wear armour.
You are incapable of wielding weapons or throwing items.
Your paws allow you to move quietly. (Stealth)
You have sharp claws.
You have razor-sharp teeth.
You have supernaturally acute eyesight. (SInv)
You are carnivorous and can eat meat at any time.
You cover ground quickly.
You are covered in fur. (AC +1)
You have a slow metabolism.
Your sharp claws are effective at attacking unaware monsters.


Message History

The sting misses the river rat.
The river rat barely misses you.
You closely miss the river rat. The river rat completely misses you.
You closely miss the river rat. The river rat misses you.
You closely miss the river rat. The river rat barely misses you.
You scratch the river rat.
The river rat is lightly wounded.
The river rat completely misses you.
You closely miss the river rat.
The river rat is lightly wounded.
The river rat bites you.
You closely miss the river rat.
The river rat is lightly wounded.
The river rat bites you!
Ouch! That really hurt!
* * * LOW HITPOINT WARNING * * *
You scratch the river rat.
The river rat is moderately wounded.
The river rat bites you!
Ouch! That really hurt!
You die...

###
#.#
#.#
#@#
#r#
#∩#
#.#
#∩#
#.#
#.#
#.#
#.#


You could see a river rat.

Vanquished Creatures
  A bullfrog (D:2)
  A howler monkey skeleton (D:2)
  4 gnolls (D:2)
  4 adders
  An ooze (D:1)
  A worm (D:2)
  A dart slug (D:1)
  5 leopard geckos
  An orc (D:3)
  8 bats
  4 giant cockroaches
  4 goblins
  4 hobgoblins
  8 jackals
  A quokka (D:3)
  4 frilled lizards
  6 kobolds
  5 rats
63 creatures vanquished.

Notes
Turn   | Place    | Note
-------+----------+-------------------------------------------
     0 | D:1      | inc the Felid Venom Mage began the quest for the Orb.
     0 | D:1      | Reached XP level 1. HP: 7/7 MP: 4/4
    44 | D:1      | Reached skill level 1 in Conjurations
   427 | D:1      | Reached skill level 2 in Conjurations
   427 | D:1      | Reached XP level 2. HP: 8/11 MP: 3/6
  1187 | D:2      | Reached XP level 3. HP: 14/14 MP: 5/7
  1219 | D:2      | Noticed a bullfrog
  1226 | D:2      | Killed a bullfrog
  1226 | D:2      | Reached skill level 3 in Conjurations
  1226 | D:2      | Reached XP level 4. HP: 13/18 MP: 1/8
  1443 | D:2      | Found a stormy altar of Qazlal.
  1465 | D:2      | Reached skill level 4 in Conjurations
  1890 | D:2      | Reached XP level 5. HP: 20/21 MP: 3/10
  3022 | D:3      | Found a deep blue altar of Sif Muna.
  3036 | D:3      | Became a worshipper of Sif Muna the Loreminder
  3169 | D:3      | Found a runed door.
  3277 | D:3      | Found a glowing drain.
  3277 | D:3      | Noticed Quirk's ghost (amateur TrFi)
  3289 | D:3      | Slain by Quirk's ghost
  3290 | D:3      | Reached XP level 4. HP: -1/18 MP: 5/10
  3491 | Sewer    | Entered a sewer
  3514 | Sewer    | Mangled by a river rat

Skill      XL: |  1  2  3  4  5 |
---------------+----------------+-----
Conjurations   | 2 3 4 |  4.0
Spellcasting   | 3 |  3.7
Dodging        | |  2.6
Stealth        | |  2.6
Poison Magic   | |  2.6

Action                   |  1- 3 |  4- 6 || total
-------------------------+-------+-------++-------
Melee: Unarmed           |     3 |    18 ||    21
       Bite              |     1 |     2 ||     3
 Cast: Sting             |    48 |   136 ||   184
  Use: Potion            |       |     3 ||     3
       Scroll            |       |     5 ||     5
  Eat: Chunk             |     1 |     3 ||     4
Armor: Skin              |     4 |     3 ||     7
Dodge: Dodged            |    23 |    54 ||    77
